 Dungeon Crawl Stone Soup version 0.31-a0-1338-gb567cfdca4 (webtiles) character file.

Game seed: 10420518131294907764

56 IdlyInterested the Changeling (level 3, -2/39 HPs)
             Began as a Demonspawn Shapeshifter on Dec 21, 2023.
             Slain by a goblin
             ... wielding a +0 club
             ... led by Robin
              (3 damage)
             ... on level 2 of the Dungeon.
             The game lasted 00:03:51 (936 turns).

IdlyInterested the Changeling (DsSh)                 Turns: 936, Time: 00:03:52

Health: -2/39      AC: 21    Str: 16    XL:     3   Next: 71%
Magic:  3/3        EV:  2    Int: 10    God:
Gold:   47         SH:  0    Dex: 12    Spells: 2/2 levels left

rFire   . .          .
                       - Unarmed
rCold   . . .        (no shield)
rNeg    . . .        k - melded +0 chain mail
rPois   +            (helmet currently unavailable)
rElec   .            (cloak currently unavailable)
rCorr   .            e - melded +2 pair of gloves
SInv    .            (boots currently unavailable)
Will    .....        (no amulet)
Stlth   ++           (no ring)
HPRegen 0.26/turn    (no ring)
MPRegen 0.08/turn

%: no passive effects
@: brilliant, tree-form
A: stationary, stasis, torment immunity, boosted hp, (icy blue scales 1),
(weakness stinger 1)
a: no special abilities


You were on level 2 of the Dungeon.
You were a tree.
You visited 1 branch of the dungeon, and saw 2 of its levels.

You collected 47 gold pieces.

Inventory:

Hand Weapons
 h - a +0 dagger
 j - a +0 whip of pain
 m - a +0 trident
Missiles
 a - 12 stones (quivered)
Armour
 e - a +2 pair of gloves (melded)
 f - a +0 scale mail
 k - a +0 chain mail (melded)
Talismans
 c - a beast talisman
 d - a flux talisman
Scrolls
 g - a scroll of identify {unknown}
 i - a scroll of teleportation {unknown}


   Skills:
 - Level 1.0 Fighting
 + Level 0.1 Throwing
 - Level 1.0 Armour
 - Level 1.7 Dodging
 - Level 1.0 Stealth
 - Level 2.6 Unarmed Combat
 * Level 3.7 Shapeshifting


You had 2 spell levels left.
You didn't know any spells.
Your spell library contained the following spells:

 Spells                   Type           Power      Damage    Failure   Level
 Dazzling Flash           Conj/Hex       0%         N/A       75%         3
 Volatile Blastmotes      Fire/Tloc      0%         2d10      75%         3
 Starburst                Conj/Fire      0%         6d3       100%        6
 Maxwell's Capacitive Co  Air            0%         ∞         100%        8


Dungeon Overview and Level Annotations

Branches:
Dungeon (2/15)

Altars:

Shops:
D:1 =


Innate Abilities, Weirdness & Mutations

You are a tree.
Your roots penetrate the ground, keeping you stationary.
You cannot be teleported.
You are immune to unholy pain and torment.
Your maximum health is greatly increased.
Your equipment is partially melded.
((You are partially covered in icy blue scales. (AC +2)))
((You have a small tail.))


Message History

You hit the goblin.
The goblin is severely wounded.
The goblin hits you but does no damage. x4
You closely miss the goblin.
The goblin is severely wounded.
The goblin hits you but does no damage. x3; The goblin hits you with a +0 club.
* * * LOW HITPOINT WARNING * * *
Unknown command.
You hit the goblin.
You kill the goblin!
The goblin hits you with a +0 dagger.
* * * LOW HITPOINT WARNING * * *
The goblin hits you but does no damage. x2; The goblin shoots a sling bullet.
The sling bullet hits you but does no damage.
You smack the goblin!
You kill the goblin!
The goblin hits you but does no damage. x2
You hit the goblin.
The goblin is almost dead.
The goblin hits you but does no damage. x2; The goblin unwields a +0 sling.
The goblin wields a +0 dagger.
The goblin hits you but does no damage.
You smack the goblin!
You kill the goblin!
The goblin no longer looks unusually strong.
The goblin hits you but does no damage. x2
You miss the goblin.
The goblin hits you but does no damage. x2
The goblin hits you with a +0 club.
* * * LOW HITPOINT WARNING * * *
You aren't carrying any potions.
Unknown command.
You smack the goblin!
You kill the goblin!
The goblin hits you but does no damage. x2
You miss the goblin. The goblin hits you but does no damage.
The goblin hits you with a +0 club.
* * * LOW HITPOINT WARNING * * *
The goblin hits you but does no damage.
You barely miss the goblin. The goblin barely misses you.
The goblin hits you with a +0 club.
You die...

## #. #.#
#..
g.##..######
......ggg#
#..###♣#
#...)g)#
#...####
#...#
.......
###.##### ..
..# ...


You could see 4 goblins.

Vanquished Creatures
  Robin (D:2)
  An adder (D:2)
  3 bats (D:1)
  3 endoplasms (D:1)
  A giant cockroach (D:2)
  7 goblins (D:2)
  4 hobgoblins
  3 jackals (D:1)
  4 kobolds (D:1)
  A quokka (D:1)
  A rat (D:1)
29 creatures vanquished.

Notes
Turn   | Place    | Note
-------+----------+-------------------------------------------
     0 | D:1      | IdlyInterested the Demonspawn Shapeshifter began the quest
                  | for the Orb.
     0 | D:1      | Reached XP level 1. HP: 15/15 MP: 1/1
   166 | D:1      | Found Qyra's Jewellery Shoppe.
   321 | D:1      | Reached skill level 3 in Shapeshifting
   326 | D:1      | Gained mutation: You are partially covered in icy blue
                  | scales. (AC +2) [demonic ancestry]
   326 | D:1      | Reached XP level 2. HP: 16/21 MP: 2/2
   411 | D:1      | Reached skill level 1 in Stealth
   559 | D:1      | Found a faded altar of an unknown god.
   910 | D:2      | Noticed Robin
   914 | D:2      | Gained mutation: You have a small tail. [demonic ancestry]
   914 | D:2      | Reached XP level 3. HP: 6/26 MP: 3/3
   924 | D:2      | Killed Robin
   925 | D:2      | Reached skill level 1 in Armour
   929 | D:2      | HP: 1/39 [goblin/+0 dagger[Robin] (3)]
   935 | D:2      | HP: 1/39 [goblin/+0 club[Robin] (1)]
   936 | D:2      | Slain by a goblin

Illustrated notes

Levels and vault maps discovered:
D:1:      saegor_arrival_fortress, layout_basic, serial_shops, shop,
          basic_ecumenical_altar, patterned_corridor
D:2:      layout_basic, basic_altar, uniq_robin

Skill      XL: |  1  2  3 |
---------------+----------+-----
Shapeshifting  | 3 |  3.7
Stealth        | 1 |  1.0
Armour         | 1 |  1.0
Fighting       | |  1.0
Throwing       | |  0.1
Dodging        | |  1.7
Unarmed Combat | |  2.6

Action                     || total
---------------------------++-------
  Melee: Unarmed           ||    95
         Punch             ||     1
  Throw: Stone             ||     1
    Use: Potion            ||     2
 Armour: Ring mail         ||     5
         Animal skin       ||     2
         Scale mail        ||    22
         Chain mail        ||    19
         Skin              ||    49
  Dodge: Dodged            ||    35
         Form:             ||     2
         Beast             ||     2

Table legend: (Time is in decaauts)
 A = Elapsed time spent in this place.
 B = Non-inter-level travel time spent in this place.
 C = Inter-level travel time spent in this place.
 D = Time resting spent in this place.
 E = Time spent auto-exploring this place.
 F = Levels seen in this place.
 G = Mean time per level.
                   A        B        C        D        E       F      G
               +--------+--------+--------+--------+--------+-----+--------+
         Total |    930 |    891 |     39 |     21 |    586 |   2 |  465.0 |
       Dungeon |    930 |    891 |     39 |     21 |    586 |   2 |  465.0 |
               +--------+--------+--------+--------+--------+-----+--------+

Top non-repeatable levels by time:
     D:1: 885 daAuts
     D:2: 44 daAuts
